 Dungeon Crawl Stone Soup version bcrawl-1.40 (webtiles) character file.

Game seed: 6031047169856782016

494197 Rhok the Thaumaturge (level 13, -10/114 HPs)
             Began as an Oni Wizard on Oct 21, 2023.
             Was a High Priest of Ashenzari.
             Froze to death (28 damage)
             ... on level 5 of the Lair of Beasts on Oct 22, 2023.
             The game lasted 01:17:10 (14422 turns).

Rhok the Thaumaturge (Oni Wizard)                  Turns: 14422, Time: 01:17:10

Health: -10/114    AC: 17    Str: 11    XL:     13   Next: 88%
Magic:  5/30       EV: 18    Int: 23    God:    Ashenzari [*****.]
Gold:   850        SH:  0    Dex: 11    Spells: 8/35 levels left

rFire    . . .     GDR:     29% D - +7 scythe (slice) (curse)
rCold    . . .     SeeInvis +   (shield currently unavailable)
rNeg     . . .     Gourm    .   H - +0 troll leather armour (curse)
rPois    .         Faith    .   h - +2 hat (curse)
rElec    .         Spirit   .   y - +2 cloak (curse)
rCorr    .         Reflect  .   (no gloves)
MR       .....     Clarity  +   s - +2 pair of boots (curse)
Stlth    ++++......             K - amulet of Vision {SInv *Curse} (curse)
HPRegen  0.69/turn              E - +4 ring of protection (curse)
MPRegen  0.22/turn              (no ring)

@: no potions
A: oni magic, claws 1, fangs 1, horns 1
a: Curse Item, Scrying, Transfer Knowledge, Renounce Religion


You were on level 5 of the Lair of Beasts.
You worshipped Ashenzari.
Ashenzari was extremely pleased with you.
You were not hungry.

You visited 3 branches of the dungeon, and saw 17 of its levels.
You also visited: Bailey.

You collected 1147 gold pieces.
You spent 297 gold pieces at shops.

Inventory:

Hand Weapons
 a - a +0 staff
 D - a cursed +7 scythe of slicing (weapon)
 L - the +8 whip "Gyobevvoups" {antimagic, rElec MR+ Int-5}
   (You found it on level 1 of the Lair of Beasts)

   It reduces the magical energy of the wielder, and disrupts the spells and
   magical abilities of those hit.
   Natural abilities and divine invocations are not affected.
   It affects your intelligence (-5).
   It insulates you from electricity.
   It affects your resistance to hostile enchantments.
 V - the +8 demon blade of Analysis {freeze, *Noise rPois Str+4 Dex+7}
   (You found it on level 4 of the Lair of Beasts)

   It has been specially enchanted to freeze those struck by it, increasing
   damage dealt by approximately one third against foes not resistant or
   susceptible to cold, and potentially slowing cold-blooded foes.
   It affects your strength (+4).
   It affects your dexterity (+7).
   It protects you from poison.
   It may make noises in combat.
Missiles
 q - 288 poisoned tomahawks (quivered)
Armour
 h - a cursed +2 hat (worn)
 s - a cursed +2 pair of boots (worn)
 y - a cursed +2 cloak (worn)
 H - a cursed +0 troll leather armour (worn)
 S - the -1 pair of boots of Utziral {rElec rPois}
   (You found it on level 3 of the Lair of Beasts)

   It insulates you from electricity.
   It protects you from poison.
Jewellery
 u - an uncursed ring of positive energy
 v - an uncursed ring of positive energy
 w - an uncursed ring of flight
 E - a cursed +4 ring of protection (left claw)
 K - the cursed amulet of Vision (around neck) {SInv *Curse}
   (You found it in the Ecumenical Temple)

   [amulet of nothing]

   It lets you see invisible.
   It curses itself when equipped.
   It has a curse placed upon it.
Wands
 c - a wand of random effects (24)
 f - a wand of disintegration (31)
 l - a wand of iceblast (10)
 t - a wand of digging (10)
 x - a wand of scattershot (3)
 G - a wand of acid (6)
 R - a wand of flame (14)
Scrolls
 b - a scroll of enchant weapon
 m - 3 scrolls of blinking
 n - 5 scrolls of teleportation
 r - 2 scrolls of identify
 A - 2 scrolls of fog {unknown}
 B - a scroll of amnesia {unknown}
 C - 6 scrolls of remove curse
 F - a scroll of silence {unknown}
 N - a scroll of brand weapon {unknown}
 P - a scroll of fear {unknown}
 Q - 3 scrolls of immolation {unknown}
Potions
 d - 2 potions of might
 g - 5 potions of flight
 i - a potion of heal wounds {unknown}
 j - a potion of degeneration {unknown}
 k - 3 potions of mutation
 o - 3 potions of brilliance
 p - 2 potions of agility
 z - 2 potions of magic
 I - 4 potions of curing
 J - 2 potions of cancellation
 O - a potion of experience {unknown}
 T - 2 potions of berserk rage
Miscellaneous
 M - a lightning rod (4/4)
Comestibles
 e - 30 rations {!d}
 W - a chunk of flesh


   Skills:
 * Level 10.6(14.8) Fighting
 - Level 3.1(7.1) Armour
 - Level 10.4(14.7) Dodging
 - Level 5.5(10.1) Stealth
 + Level 11.9(16.7) Spellcasting
   Level 11.9(16.7) Conjurations
   Level 11.9(16.7) Hexes
   Level 11.9(16.7) Charms
   Level 11.9(16.7) Summonings
   Level 11.9(16.7) Necromancy
   Level 11.9(16.7) Translocations
   Level 11.9(16.7) Transmutations
   Level 11.9(16.7) Fire Magic
   Level 11.9(16.7) Ice Magic
   Level 11.9(16.7) Air Magic
   Level 11.9(16.7) Earth Magic
   Level 11.9(16.7) Poison Magic


You had 8 spell levels left.
You knew the following spells:

 Your Spells              Type           Power        Failure   Level  Hunger
a - Magic Dart            Conj           ####         0%          1    None
b - Blink                 Tloc           N/A          0%          2    None
c - Call Imp              Summ           ######       0%          2    None
d - Slow                  Hex            #######.     0%          1    None
e - Spectral Weapon       Hex/Chrm       #######.     0%          3    None
f - Mephitic Cloud        Conj/Pois/Air  #######.     0%          3    None
g - Venom Bolt            Conj/Pois      #######...   1%          5    None
h - Animate Dead          Necr           N/A          0%          4    None
i - Ozocubu's Refrigerat  Ice            #######...   1%          6    #......

Your spell library contained the following spells:

 Spells                   Type           Power        Failure   Level  Hunger
 Conjure Flame            Conj/Fire      #######.     0%          3    None
 Spider Form              Tmut/Pois      ###          0%          3    None
 Tree Form                Hex/Tmut       N/A          1%          4    None


Dungeon Overview and Level Annotations

Branches:
Dungeon (11/12)            Temple (1/1) D:6            Lair (5/6) D:9
 Shoals (0/3) Lair:2       Spider (0/3) Lair:3          Orc (0/1) D:10
    Elf: Lair:5-6    Vaults: D:11-12     Forest: Lair:5-6

Altars:
Ashenzari
Cheibriados
Dithmenos
Fedhas
Gozag
Hepliaklqana
Kikubaaqudgha
Lugonu
Makhleb
Nemelex Xobeh
Okawaru
Qazlal
Ru
Sif Muna
Trog
Uskayaw
Vehumet
Wu Jian
Xom
Yredelemnul

Shops:
D:4 :   D:5 =?*   D:6 %

Annotations:
D:7 2 transporters
D:10 1 runed door


Innate Abilities, Weirdness & Mutations

You learn spells by gaining experience, not through books or religion.
You only train spellcasting to practice magic.
You have sharp fingernails.
You have very sharp teeth.
You have a pair of small horns on your head.


Message History

Confirm wit' . or Enter, or press ? or * ta list all spells.
Thar be nuthin' nearby ta animate!
Unknown command.
Unknown command.
Unknown command.
Castin': Animate Dead (safe; 0% risk o' failure) Confirm wit' . or Enter, or press ? or * ta list all spells.
Tha heat be drain'd from yer surroundin's.
Ye feel very cold.
* * * LOW HITPOINT WARNIN'
* * * Tha plant, tha death yaks, tha crocodile an' tha bullfrog be froz'n.
Tha plant be severely damaged.
Tha death yak be almost dead.
Ye kill tha death yak!
Ye kill tha crocodile!
Ye kill tha bullfrog!
Trainin' target 7.0 fer Armour reached!
Castin': Ozocubu's Refrigeration (safe; 1% risk o' failure) Confirm wit' . or Enter, or press ? or * ta list all spells.
Tha heat be drain'd from yer surroundin's.
Ye feel very cold.
Ye die...

, , ..+. * ##..P..#..##*,,
,, ,***.#. #.#...##...# *
, ,,,. * ,.. * ##..†P#
*.## ,**** +. * ,., ##...#
**# * #####P. **+, , #...#
####P..#P+ , , * #...#
##*#......... , ,,
##...####.##..+...... * ,
,* #...○†.# #.#.##...... ,
, #...@..####..........
,,, ,,
##.Y..##.##.##....<.. ,
,*####...........##.......
, ,,
,.#...........#.###.......
, , ,#...........####
##...... +............#
#....... ,,,, ,
#.#.......### *#.......
,,, *###.....# ..#..P.# *
**** ##....# ####.####


You could see a death yak (confused).

Vanquished Creatures
  3 hydras
  An anaconda (Lair:4)
  7 death yaks
  2 unseen horrors
  A cyclops (D:7)
  An ugly thing (D:10)
  A manticore (Lair:2)
  3 elephants (Lair:4)
  3 black mambas
  6 cane toads
  5 komodo dragons
  2 trolls (D:9)
  A hornet (D:9)
  2 polar bears (Lair:4)
  A hornet (shapeshifter) (D:9)
  Prince Ribbit (D:8)
  8 blink frogs
  2 meliai zombies
  2 hippogriffs
  A shadow (D:10)
  22 yaks
  A human (D:7)
  A wyvern (Lair:3)
  2 basilisks (Lair:4)
  A hungry ghost (D:10)
  2 redbacks (Lair:3)
  A steam dragon (D:9)
  10 crocodiles
  Menkaure (D:5)
  8 water moccasins
  3 ice beasts
  8 porcupines
  2 sky beasts
  8 orc warriors
  4 black bears
  5 boggarts (D:10)
  An ogre (D:9)
  17 wolves
  A necrophage (D:8)
  A phantom (D:8)
  7 bullfrogs
  2 centaurs
  3 scorpions
  2 water moccasin skeletons
  5 killer bees (D:8)
  2 orc priests
  3 electric eels
  2 crimson imps
  A quasit (D:9)
  A bullfrog skeleton (D:7)
  A hound (D:9)
  2 jellies
  5 orc wizards
  An iguana (D:8)
  5 worker ants
  A hound skeleton (D:9)
  A worker ant zombie (D:8)
  4 adders
  2 shadow imps
  4 oozes
  An adder skeleton (D:5)
  2 dart slugs
  2 leopard geckos
  22 orcs
  A giant cockroach (D:2)
  7 goblins
  10 hobgoblins
  7 jackals
  12 kobolds
  A quokka (D:2)
  A ball python skeleton (D:4)
  2 bats
  5 frilled lizards
  5 rats
  5 fungi
  9 plants
  4 spectral weapons
302 creatures vanquished.

Vanquished Creatures (collateral kills)
  A hydra (Lair:2)
  A cyclops (D:7)
  A cane toad (Lair:2)
  A rime drake (Lair:3)
  A komodo dragon (Lair:2)
  A blink frog (Lair:3)
  2 hippogriffs (D:8)
  Sigmund (D:4)
  4 yaks
  3 hogs (D:7)
  A basilisk (Lair:2)
  A crocodile (Lair:2)
  A sky beast (D:7)
  An ogre (D:8)
  4 wolves
  5 bullfrogs
  A kobold brigand (D:6)
  A centaur (D:6)
  A scorpion (D:7)
  3 killer bees (D:8)
  3 wights (D:7)
  A howler monkey (D:5)
  An orc priest (D:9)
  A bullfrog zombie (D:7)
  A quasit (D:3)
  A crimson imp (D:6)
  2 hounds (D:7)
  3 orc wizards
  3 jellies
  An iguana (D:6)
  3 worker ants
  A howler monkey zombie (D:6)
  A howler monkey skeleton (D:7)
  5 adders
  2 adder zombies
  An adder skeleton (D:7)
  A leopard gecko (D:6)
  11 orcs
  A bat (D:3)
  A giant cockroach (D:2)
  A hobgoblin (D:2)
  7 jackals
  2 quokkas
  A kobold (D:6)
  A butterfly (Lair:3)
  4 fungi
  A plant (Lair:2)
96 creatures vanquished.

Vanquished Creatures (others)
  A fungus (Lair:5)
  2 plants (Lair:2)
  5 spectral weapons
8 creatures vanquished.

Grand Total: 406 creatures vanquished

Notes
Turn   | Place    | Note
-------+----------+-------------------------------------------
     0 | D:1      | Rhok the Oni Wizard began the quest for the Orb.
     0 | D:1      | Reached XP level 1. HP: 14/14 MP: 6/6
    89 | D:1      | Reached XP level 2. HP: 20/20 MP: 4/7
    92 | D:1      | Learned a level 2 spell: Blink
    95 | D:1      | Learned a level 2 spell: Call Imp
   493 | D:1      | Reached skill level 3 in Spellcasting
   734 | D:1      | Learned a level 1 spell: Slow
   878 | D:1      | Reached XP level 3. HP: 23/26 MP: 1/9
  1311 | D:2      | Reached XP level 4. HP: 33/33 MP: 8/11
  1315 | D:2      | Learned a level 3 spell: Mephitic Cloud
  2105 | D:3      | Found a white marble altar of Elyvilon.
  2266 | D:3      | Found a corrupted altar of Lugonu.
  2347 | D:3      | Found an ornate altar of the Wu Jian Council.
  2670 | D:4      | Found Gutes's Book Emporium.
  2677 | D:4      | Noticed an orc warrior
  2704 | D:3      | Reached XP level 5. HP: 38/38 MP: 6/12
  2744 | D:4      | Noticed Sigmund
  2745 | D:4      | Reached skill level 4 in Spellcasting
  2774 | D:4      | Killed an orc warrior
  2775 | D:4      | Reached XP level 6. HP: 30/45 MP: 1/14
  3176 | D:4      | Killed Sigmund
  3177 | D:4      | Reached skill level 5 in Spellcasting
  3177 | D:4      | Reached XP level 7. HP: 50/50 MP: 6/16
  3289 | D:5      | Entered Level 5 of the Dungeon
  3534 | D:5      | Found Hiyfeqep's Assorted Antiques.
  3537 | D:5      | Bought a scroll labeled VIRUT KIBUE for 24 gold pieces
  3537 | D:5      | Bought a scroll labeled LURCHEY ATWYDGH for 24 gold pieces
  3537 | D:5      | Bought a fizzy blue potion for 21 gold pieces
  3537 | D:5      | Bought a scroll labeled BEOWOIKKEGH for 24 gold pieces
  3537 | D:5      | Bought a scroll labeled FUCASU JUMUA for 24 gold pieces
  3537 | D:5      | Bought a scroll labeled QUITTU DUAPP for 24 gold pieces
  3558 | D:5      | Noticed Menkaure
  3584 | D:5      | Killed Menkaure
  3643 | D:5      | Reached skill level 6 in Spellcasting
  3671 | D:5      | Learned a level 3 spell: Spectral Weapon
  3937 | D:5      | Found Faotuklug's Jewellery Shoppe.
  4116 | D:5      | Found Agent's Magic Scroll Boutique.
  4119 | D:5      | Bought a scroll of teleportation for 39 gold pieces
  4119 | D:5      | Bought a scroll of teleportation for 39 gold pieces
  4119 | D:5      | Bought 3 scrolls of identify for 78 gold pieces
  4237 | D:6      | Reached XP level 8. HP: 57/57 MP: 14/19
  4245 | D:6      | Learned a level 5 spell: Venom Bolt
  4296 | D:6      | Found Teotuqaj's Food Boutique.
  4328 | D:6      | Found an opulent altar of Gozag.
  4330 | D:6      | Found an ornate altar of the Wu Jian Council.
  4330 | D:6      | Found an opulent altar of Gozag.
  4372 | D:6      | Found a hide-covered altar of Uskayaw.
  4372 | D:6      | Found a shimmering altar of Xom.
  4372 | D:6      | Found a shimmering altar of Xom.
  4545 | D:6      | Reached skill level 7 in Spellcasting
  4650 | D:6      | Reached skill level 1 in Fighting
  4945 | D:6      | Found a staircase to the Ecumenical Temple.
  5340 | Temple   | Entered the Ecumenical Temple
  5674 | Temple   | Became a worshipper of Ashenzari the Shackled
  5675 | Temple   | Found the cursed amulet of Vision {SInv *Curse}
  5927 | D:7      | Reached XP level 9. HP: 71/71 MP: 11/22
  6017 | D:7      | Found a burning altar of Makhleb.
  6062 | D:7      | Noticed a cyclops
  6075 | D:7      | Noticed a cyclops
  6079 | D:7      | Killed a cyclops
  6080 | D:7      | Reached skill level 8 in Spellcasting
  6087 | D:7      | Killed a cyclops
  6226 | D:7      | Reached skill level 9 in Spellcasting
  6330 | D:7      | Found an opulent altar of Gozag.
  6605 | D:7      | Reached XP level 10. HP: 78/78 MP: 21/25
  6826 | D:7      | Learned a level 4 spell: Animate Dead
  6852 | D:7      | Found a transporter.
  6858 | D:7      | Noticed a kobold demonologist
  6879 | D:7      | Noticed a kobold demonologist
  6914 | D:7      | Found a transporter.
  7092 | D:7      | Found a blossoming altar of Fedhas.
  7237 | D:8      | Reached skill level 10 in Spellcasting
  7314 | D:8      | Noticed Prince Ribbit
  7324 | D:8      | Killed Prince Ribbit
  7334 | D:8      | Noticed an unseen horror
  7349 | D:8      | Killed an unseen horror
  7369 | D:8      | Reached * piety under Ashenzari
  7379 | D:8      | Reached skill level 5 in Dodging
  7985 | D:9      | Noticed an unseen horror
  7990 | D:9      | Killed an unseen horror
  8029 | D:9      | Reached skill level 5 in Fighting
  8029 | D:9      | Reached XP level 11. HP: 86/86 MP: 24/27
  8293 | D:9      | Found a staircase to the Lair.
  8405 | D:9      | Found a flagged portal.
  8410 | Bailey   | Entered a bailey
  8410 | Bailey   | Noticed an orc knight
  8883 | D:9      | Found a bloodstained altar of Trog.
  8897 | D:9      | Found a glowing golden altar of the Shining One.
  8996 | D:9      | Found a hazy altar of Hepliaklqana.
  9118 | D:10     | Entered Level 10 of the Dungeon
  9360 | D:10     | Reached ** piety under Ashenzari
  9365 | D:10     | Noticed a red ugly thing
  9371 | D:10     | Killed a red ugly thing
  9713 | D:10     | Noticed a sixfirhy
  9714 | D:10     | Found a runed door.
  9761 | D:10     | Found a staircase to the Orcish Mines.
  9898 | D:10     | Reached skill level 1 in Armour
  9925 | D:10     | Reached skill level 5 in Stealth
 10150 | Lair:1   | Entered Level 1 of the Lair of Beasts
 10165 | Lair:1   | Reached XP level 12. HP: 100/100 MP: 25/28
 10172 | Lair:1   | Learned a level 6 spell: Ozocubu's Refrigeration
 10373 | Lair:1   | Noticed a five-headed hydra
 10425 | Lair:1   | Killed a ten-headed hydra
 10560 | Lair:1   | Identified the +8 whip "Gyobevvoups" {antimagic, rElec MR+
                  | Int-5}
 10862 | Lair:1   | Reached *** piety under Ashenzari
 11165 | Lair:2   | Reached skill level 10 in Dodging
 11172 | Lair:2   | HP: 4/103 [frozen (32)]
 11222 | Lair:2   | Noticed a seven-headed hydra
 11226 | Lair:2   | Killed a seven-headed hydra
 11353 | Lair:2   | Found a staircase to the Shoals.
 11648 | Lair:2   | Reached skill level 10 in Fighting
 11808 | Lair:2   | Found a dark tunnel.
 12172 | Lair:3   | Noticed a death yak
 12176 | Lair:3   | Noticed a death yak
 12176 | Lair:3   | Noticed a death yak
 12180 | Lair:3   | Killed a death yak
 12180 | Lair:3   | Noticed a death yak
 12181 | Lair:3   | Reached XP level 13. HP: 50/113 MP: 14/29
 12440 | Lair:3   | Reached skill level 11 in Spellcasting
 12516 | Lair:3   | Reached **** piety under Ashenzari
 12629 | Lair:3   | Identified the -1 pair of boots of Utziral {rElec rPois}
 12632 | Lair:3   | Found a hole to the Spider Nest.
 13488 | Lair:4   | Identified the +1 chain mail "Pefiar" {rC- MR- Int+7 Dex+2}
 13516 | Lair:4   | Found a shimmering blue altar of Sif Muna.
 13647 | Lair:4   | Identified the +8 demon blade of Analysis {freeze, *Noise
                  | rPois Str+4 Dex+7}
 13956 | Lair:4   | Reached ***** piety under Ashenzari
 14422 | Lair:5   | Froze to death

Skill      XL: |  1  2  3  4  5  6  7  8  9 10 11 12 13 |
---------------+----------------------------------------+-----
Stealth        | 2 3 5 |  5.5
Spellcasting   | 3 4 5 6 7 9 10 11 | 11.9
Fighting       | 4 5 7 10 | 10.6
Dodging        | 6 8 10 | 10.4
Armour         | 1 2 3 |  3.1
Conjurations   | | 11.9
Hexes          | | 11.9
Charms         | | 11.9
Summonings     | | 11.9
Necromancy     | | 11.9
Translocations | | 11.9
Transmutations | | 11.9
Fire Magic     | | 11.9
Ice Magic      | | 11.9
Air Magic      | | 11.9
Earth Magic    | | 11.9
Poison Magic   | | 11.9

Action                   |  1- 3 |  4- 6 |  7- 9 | 10-12 | 13-15 || total
-------------------------+-------+-------+-------+-------+-------++-------
Melee: Staff             |     1 |     3 |    11 |       |       ||    15
       Bite              |       |     1 |     5 |     8 |     5 ||    19
       Scythe            |       |       |    22 |   221 |    87 ||   330
       Headbutt          |       |       |     3 |    18 |    11 ||    32
Throw: Tomahawk          |       |     2 |     4 |    29 |     6 ||    41
 Cast: Magic Dart        |    62 |    69 |    18 |     3 |       ||   152
       Slow              |     6 |       |     2 |     2 |     2 ||    12
       Call Imp          |     5 |    24 |    83 |    93 |    30 ||   235
       Blink             |     1 |     1 |       |     7 |     3 ||    12
       Mephitic Cloud    |       |     3 |     9 |    28 |     9 ||    49
       Spectral Weapon   |       |       |     7 |    31 |    12 ||    50
       Venom Bolt        |       |       |     1 |    11 |     3 ||    15
       Ozocubu's Refrige |       |       |       |     7 |     7 ||    14
       Animate Dead      |       |       |       |     7 |     5 ||    12
Invok: Curse Item        |       |       |     3 |     3 |       ||     6
Evoke: Wand              |       |       |     2 |       |       ||     2
  Use: Scroll            |       |       |     9 |     8 |     2 ||    19
       Potion            |       |       |       |     1 |       ||     1
 Stab: Confused          |       |       |     1 |     8 |       ||     9
       Distracted        |       |       |       |     5 |     3 ||     8
       Sleeping          |       |       |       |     2 |       ||     2
  Eat: Chunk             |     3 |     7 |    14 |    33 |    11 ||    68
       Ration            |       |       |       |     1 |     1 ||     2
Armor: Animal skin       |    14 |     7 |    27 |    49 |       ||    97
       Troll leather arm |       |       |       |    35 |    31 ||    66
Dodge: Dodged            |    39 |    20 |    58 |   172 |    80 ||   369
